 Dungeon Crawl Stone Soup version 0.24-a0-463-g3510def36b (console) character file.

Game seed: 15822096276417032481

236 nht the Ruffian (level 5, -4/53 HPs)
             Began as a Troll Fighter on July 2, 2019.
             Slain by an ogre
             ... wielding a +0 giant spiked club
              (22 damage)
             ... on level 3 of the Dungeon.
             The game lasted 00:03:08 (1727 turns).

nht the Ruffian (Troll Fighter)                     Turns: 1727, Time: 00:03:09

Health: -4/53      AC:  6    Str: 29    XL:     5   Next: 77%
Magic:  4/4        EV:  8    Int:  5    God:
Gold:   149        SH:  9    Dex:  9    Spells: 4/4 levels left

rFire    . . .     SeeInvis .     - Unarmed
rCold    . . .     Gourm    +   b - +0 shield
rNeg     . . .     Faith    .   a - +0 robe
rPois    +         Spirit   .   (helmet restricted)
rElec    .         Reflect  .   (no cloak)
rCorr    .         Harm     .   (gloves unavailable)
MR       .....                  (boots unavailable)
Stlth    ..........             r - amulet of rage
HPRegen  0.57/turn              p - ring of attention (curse)
MPRegen  0.09/turn              s - ring of poison resistance

@: mighty
A: large, unfitting armour, claws 3, fast metabolism 3, gourmand, regeneration
1, shaggy fur 1, tough skin 3
a: Evoke Berserk Rage


You were on level 3 of the Dungeon.
You were very full.

You visited 1 branch of the dungeon, and saw 3 of its levels.

You collected 149 gold pieces.

Inventory:

Missiles
 n - 2 throwing nets (quivered)
 q - 8 atropa-tipped darts
Armour
 a - a +0 robe (worn)
 b - a +0 shield (worn)
Jewellery
 p - a cursed ring of attention (left claw)
 r - an amulet of rage (around neck)
 s - a ring of poison resistance (right claw)
Scrolls
 h - a scroll of amnesia {unknown}
 i - a scroll of teleportation
 k - a scroll of fear {unknown}
 l - a scroll of magic mapping
 m - 3 scrolls of identify
 o - a scroll of remove curse {unknown}
 t - a scroll of fog {unknown}
Potions
 e - 4 potions of curing {unknown}
 f - a potion of resistance {unknown}
 g - 2 potions of heal wounds {unknown}
 j - a potion of haste {unknown}
Comestibles
 d - 6 rations


   Skills:
 + Level 3.2 Fighting
 + Level 2.1 Throwing
 - Level 2.4 Dodging
 + Level 3.2 Shields
 * Level 4.1 Unarmed Combat


You had 4 spell levels left.
You didn't know any spells.
Your spell library was empty.

Dungeon Overview and Level Annotations

Branches:
Dungeon (3/15)

Altars:
Uskayaw
Wu Jian
The Shining One


Innate Abilities, Weirdness & Mutations

You are too large for most types of armour.
You have claws for hands.
Your metabolism is lightning-fast.
You like to eat raw meat.
Your natural rate of healing is unusually fast.
You are covered in fur. (AC +1)
You have extremely tough skin. (AC +3)


Message History

You mangle the ooze!!
You kill the ooze!
You block the giant cockroach's attack. You block the goblin's attack.
You claw the goblin!
You kill the goblin!
You block the giant cockroach's attack. The rat barely misses you.
The giant cockroach barely misses you.
You claw the ogre!
The ogre is moderately wounded.
The rat bites you.
The ogre hits you with a +0 giant spiked club!!
Ouch! That really hurt!
You block the giant cockroach's attack.
You claw the ogre!
The ogre is severely wounded.
The giant cockroach barely misses you. You block the rat's attack.
You scratch the ogre.
The ogre is severely wounded.
The ogre hits you with a +0 giant spiked club!!
You die...

***,,,,,,,,,,,,,,,,,,** *
***█.....██.......,,,,* *
*,,...........>...,**** *
**,,*................██ ***
***,,,**█...............█***,*
***,,,,,*
█....?.......[...,****
*,,,,****
*█...K...<.......,**,, **,,,**
█.ssOr.g....█...,**8, *,,***
**,█@█..........,**** *,**
*,█†█r.........,,,,, ***
█.█(...O.......,,,,,
█.............█*,,,, *******
█...█.......?.██,,>, *,,,,,*
**█...█.........█..,,, *,,,,,*
*...................,,
*,,,,,**█l█.█............█...,
*,,,,,,.....█...g.......█**█..


You could see an ogre, 2 giant cockroaches, a goblin, a kobold and a rat.

Vanquished Creatures
  A bullfrog (D:3)
  A bullfrog zombie (D:3)
  3 gnolls (D:2)
  5 adders
  2 oozes (D:3)
  2 worms (D:2)
  A leopard gecko (D:3)
  2 giant cockroaches (D:1)
  11 goblins
  7 hobgoblins
  3 jackals (D:2)
  3 kobolds
  2 quokkas
  5 bats
  3 frilled lizards
  5 rats
56 creatures vanquished.

Notes
Turn   | Place    | Note
-------+----------+-------------------------------------------
     0 | D:1      | nht the Troll Fighter began the quest for the Orb.
     0 | D:1      | Reached XP level 1. HP: 22/22 MP: 0/0
   132 | D:1      | Reached XP level 2. HP: 29/29 MP: 1/1
   922 | D:2      | Found a hide-covered altar of Uskayaw.
   922 | D:2      | Noticed a +0 dagger
   922 | D:2      | Noticed a +0 dagger
   934 | D:2      | Reached XP level 3. HP: 27/36 MP: 2/2
   975 | D:2      | Reached skill level 1 in Throwing
  1051 | D:2      | Reached skill level 3 in Unarmed Combat
  1099 | D:2      | Reached XP level 4. HP: 39/44 MP: 3/3
  1374 | D:2      | Found an ornate altar of the Wu Jian Council.
  1374 | D:2      | Found a glowing golden altar of the Shining One.
  1666 | D:3      | Noticed a bullfrog
  1677 | D:3      | Killed a bullfrog
  1677 | D:3      | Reached XP level 5. HP: 43/53 MP: 4/4
  1698 | D:3      | Noticed an ogre
  1709 | D:3      | Reached skill level 4 in Unarmed Combat
  1727 | D:3      | Slain by an ogre

Levels and vault maps discovered:
D:1:      denvon_arrival_waterhouse, layout_basic
D:2:      layout_loops_cross, dancing_weapons_uskayaw,
          gammafunk_temple_overflow_wave, first_ration, minivault_5,
          serial_bayou_ford_a
D:3:      layout_rooms, zin_angel, ebering_ghost_gozag

Skill      XL: |  1  2  3  4  5 |
---------------+----------------+-----
Throwing       | 1 2 |  2.1
Unarmed Combat | 3 4 |  4.1
Fighting       | 3 |  3.2
Shields        | 3 |  3.2
Dodging        | |  2.4

Action                   |  1- 3 |  4- 6 || total
-------------------------+-------+-------++-------
Melee: Unarmed           |   100 |    54 ||   154
  Use: Scroll            |       |     3 ||     3
       Potion            |       |     1 ||     1
  Eat: Chunk             |    16 |     5 ||    21
Armor: Robe              |    33 |    14 ||    47
Dodge: Dodged            |    29 |    34 ||    63
Block: Shield            |    33 |    38 ||    71

Table legend:
 A = Non-vault XP
 B = Vault XP
 C = Vault XP percentage of total XP
 D = Non-vault monster count
 E = Vault monster count
 F = Vault count percentage of total count
                 A         B        C        D         E       F
            +---------+---------+-------+---------+---------+-------
      Total |     338 |       0 |   0.0 |      56 |       0 |   0.0
            +---------+---------+-------+---------+---------+-------
        D:1 |      31 |       0 |   0.0 |      18 |       0 |   0.0
        D:2 |     133 |       0 |   0.0 |      26 |       0 |   0.0
        D:3 |     174 |       0 |   0.0 |      12 |       0 |   0.0
            +---------+---------+-------+---------+---------+-------
